 Dungeon Crawl Stone Soup version 0.29.1-1-gd02db6906a (webtiles) character file.

Game seed: 17888028176343060211

79 Icepheonix32 the Trooper (level 4, -3/41 HPs)
             Began as a Minotaur Fighter on Sept 20, 2022.
             Slain by a hound (5 damage)
             ... on level 6 of the Dungeon.
             The game lasted 00:02:26 (2342 turns).

Icepheonix32 the Trooper (Minotaur Fighter)         Turns: 2342, Time: 00:02:26

Health: -3/41      AC:  7    Str: 23    XL:     4   Next: 16%
Magic:  3/3        EV:  9    Int:  5    God:
Gold:   98         SH:  4    Dex:  9    Spells: 3/3 levels left

rFire   . . .      SeeInvis .   a - +0 war axe
rCold   . . .      Faith    .   c - +0 buckler
rNeg    . . .      Spirit   .   b - +0 scale mail
rPois   .          Reflect  .   (helmet restricted)
rElec   .          Harm     .   (no cloak)
rCorr   .          Rampage  .   (no gloves)
Will    .....                   (no boots)
Stlth   ..........              (no amulet)
HPRegen 0.13/turn               (no ring)
MPRegen 0.08/turn               (no ring)

@: no status effects
A: horns 2, retaliatory headbutt
a: no special abilities


You were on level 6 of the Dungeon.
You visited 1 branch of the dungeon, and saw 4 of its levels.

You collected 98 gold pieces.

Inventory:

Hand Weapons
 a - a +0 war axe (weapon)
Missiles
 t - 4 boomerangs (quivered)
Armour
 b - a +0 scale mail (worn)
 c - a +0 buckler (worn)
 n - a +3 plate armour of willpower
Scrolls
 e - 2 scrolls of immolation {unknown}
 g - 2 scrolls of summoning {unknown}
 h - 3 scrolls of teleportation {unknown}
 k - a scroll of vulnerability {unknown}
 l - 2 scrolls of brand weapon {unknown}
 o - 3 scrolls of identify {unknown}
 r - a scroll of magic mapping {unknown}
 v - a scroll of enchant armour {unknown}
Potions
 d - a potion of might
 f - 5 potions of heal wounds {unknown}
 i - a potion of cancellation {unknown}
 j - 2 potions of curing {unknown}
 m - a potion of mutation {unknown}
 p - a potion of brilliance {unknown}
 q - a potion of ambrosia {unknown}
 s - a potion of resistance {unknown}
 u - a potion of lignification {unknown}


   Skills:
 * Level 4.3 Fighting
 + Level 3.3 Axes
 + Level 1.2 Throwing
 + Level 4.2 Armour
 + Level 0.5 Dodging
 + Level 0.1 Stealth
 + Level 4.0 Shields


You had 3 spell levels left.
You didn't know any spells.
Your spell library contained the following spells:

 Spells                   Type           Power      Damage    Failure   Level
 Ozocubu's Armour         Ice            0%         N/A       99%         3
 Metabolic Englaciation   Hex/Ice        0%         N/A       100%        5
 Simulacrum               Ice/Necr       0%         N/A       100%        6


Dungeon Overview and Level Annotations

Branches:
Dungeon (6/15)
 Temple: D:4-7

Altars:
Wu Jian

Shops:
D:2 =


Innate Abilities, Weirdness & Mutations

You have a pair of horns on your head.
You reflexively headbutt those who attack you in melee.


Message History

No target in view!
No target in view!
No target in view!
No target in view!
No target in view!
HP restored.
An orc comes into view. It is wielding a +0 flail.
The orc shouts!
An orc comes into view. It is wielding a +0 flail.
There are monsters nearby!
An orc priest and a hound come into view.
Found a stone staircase leading down.
The orc priest shouts!
The hound barks!
Found 6 poisoned darts and a dagger.
An ufetubus comes into view.
The orc hits you but does no damage. You block the hound's attack.
You barely miss the hound. You hit the orc. The hound completely misses you.
You furiously retaliate!
You headbutt the hound. The orc barely misses you. The hound barely misses you.
The orc hits you with a +0 flail.
The orc priest hits you with a +0 hand axe.
You hit the hound. Your headbutt misses the hound.
The hound is heavily wounded.
You hit the orc but do no damage. You slash the orc priest! You slash the orc!
You kill the orc!
You block the hound's attack. The orc hits you with a +0 flail.
The orc priest invokes the aid of Beogh against you.
Beogh smites you! The hound bites you.
Unknown command.
You hit the orc priest.
The orc priest is almost dead.
You barely miss the orc. You hit the hound but do no damage.
The hound bites you.
* * * LOW HITPOINT WARNING * * *
The orc hits you but does no damage.
The orc priest hits you with a +0 hand axe.
* * * LOW HITPOINT WARNING * * *
The ufetubus hits you.
* * * LOW HITPOINT WARNING * * *
The ufetubus barely misses you. The hound bites you.
You die...

#..........##.>..).
............. ......
#.?..........##....(.
......................
#.....................
#............#........
..............oo......
..............@5......
............#..h......
#...........##.#.####.
#....)^.#####.#...
###...#..##.........
.......##..#.#..####..
.......###........# #
..................#
........##.......>##


You could see a hound, an orc priest, an orc and an ufetubus.

Vanquished Creatures
  3 adders (D:2)
  A worm (D:2)
  2 dart slugs
  3 orcs
  5 ball pythons
  2 endoplasms (D:1)
  5 goblins
  2 hobgoblins (D:2)
  5 jackals (D:2)
  4 kobolds
  4 bats
  3 frilled lizards
  3 rats
42 creatures vanquished.

Notes
Turn   | Place    | Note
-------+----------+-------------------------------------------
     0 | D:1      | Icepheonix32 the Minotaur Fighter began the quest for the
                  | Orb.
     0 | D:1      | Reached XP level 1. HP: 19/19 MP: 0/0
   765 | D:1      | Reached XP level 2. HP: 27/27 MP: 1/1
  1193 | D:2      | Found Wuuseube's Jewellery Shop.
  1520 | D:2      | Reached XP level 3. HP: 33/33 MP: 2/2
  1565 | D:2      | Reached skill level 1 in Throwing
  1733 | D:2      | Found a faded altar of an unknown god.
  2159 | D:3      | Reached XP level 4. HP: 40/40 MP: 3/3
  2311 | D:3      | Found an ornate altar of the Wu Jian Council.
  2315 | D:3      | You fall into a shaft and drop 3 floors!
  2342 | D:6      | HP: 2/41 [ufetubus (4)]
  2342 | D:6      | Slain by a hound

Illustrated notes

Levels and vault maps discovered:
D:1:      kennysheep_arrival_forest, layout_basic, minmay_tetromino_o4
D:2:      layout_rooms, serial_shops, nicolae_shop_statue_plus,
          shapermc_ecumenical_altar_flowoftime, chequers_big_river,
          dreamdust_princess_bridge, grunt_decor_clamped, minmay_vboxes
D:3:      layout_basic, mainiacjoe_overflow_paths, grunt_temple_overflow_open,
          serial_shops, shop
D:6:      layout_rooms, grunt_gozag_breadcrumbs

Skill      XL: |  1  2  3 |
---------------+----------+-----
Armour         | 4 |  4.2
Fighting       | 4 |  4.3
Axes           | 3 |  3.3
Throwing       | 1 |  1.2
Shields        | 4 |  4.0
Dodging        | |  0.5
Stealth        | |  0.1

Action                   |  1- 3 |  4- 6 || total
-------------------------+-------+-------++-------
Melee: War axe           |    55 |    11 ||    66
       Headbutt          |     4 |     4 ||     8
Throw: Boomerang         |    24 |       ||    24
Armor: Scale mail        |    34 |     7 ||    41
Dodge: Dodged            |    32 |     7 ||    39
Block: Buckler           |    13 |     2 ||    15
